 Dungeon Crawl Stone Soup version 0.29-a0-375-g5102b3be25 (webtiles) character file.

Game seed: 3075215251982619288

215 mistaj the Shield-Bearer (level 5, -3/29 HPs)
             Began as a Vine Stalker Fighter on May 3, 2022.
             Slain by a bullfrog (7 damage)
             ... on level 3 of the Dungeon.
             The game lasted 00:05:50 (3287 turns).

mistaj the Shield-Bearer (Vine Stalker Fighter)     Turns: 3287, Time: 00:05:50

Health: -3/29      AC:  6    Str: 18    XL:     5   Next: 92%
Magic:  0/6        EV:  9    Int: 10    God:
Gold:   130        SH:  5    Dex: 14    Spells: 4/4 levels left

rFire   . . .      SeeInvis .   a - +1 dagger (elec)
rCold   . . .      Faith    .   c - +0 buckler
rNeg    . . .      Spirit   +   b - +0 scale mail
rPois   .          Reflect  .   (no helmet)
rElec   .          Harm     .   (no cloak)
rCorr   .          Rampage  .   (no gloves)
Will    .....                   (no boots)
Stlth   ..........              (no amulet)
HPRegen 0.89/turn               (no ring)
MPRegen 0.10/turn               (no ring)

@: no status effects
A: fangs 2, regeneration 1, magic shield, antimagic bite, no potion heal 2
a: no special abilities


You were on level 3 of the Dungeon.
You visited 1 branch of the dungeon, and saw 4 of its levels.

You collected 130 gold pieces.

Inventory:

Hand Weapons
 a - a +1 dagger of electrocution (weapon)
Armour
 b - a +0 scale mail (worn)
 c - a +0 buckler (worn)
Jewellery
 r - a ring of ice
Wands
 s - a wand of flame (22)
Scrolls
 f - 2 scrolls of enchant weapon {unknown}
 h - 2 scrolls of summoning {unknown}
 i - 3 scrolls of teleportation {unknown}
 k - a scroll of brand weapon {unknown}
 l - a scroll of silence {unknown}
 m - a scroll of immolation {unknown}
 n - a scroll of fog {unknown}
 o - a scroll of identify {unknown}
 q - a scroll of torment {unknown}
 t - a scroll of fear {unknown}
 u - a scroll of poison {unknown}
Potions
 d - 2 potions of might
 e - 4 potions of lignification {unknown}
 g - 3 potions of curing {unknown}
 j - a potion of brilliance {unknown}
 p - 2 potions of heal wounds {unknown}
 v - a potion of ambrosia {unknown}


   Skills:
 + Level 4.2 Fighting
 + Level 2.6 Short Blades
 - Level 2.4 Armour
 + Level 4.3 Shields


You had 4 spell levels left.
You didn't know any spells.
Your spell library contained the following spells:

 Spells                   Type           Power      Damage    Failure   Level
 Ensorcelled Hibernation  Hex/Ice        0%         N/A       94%         2
 Passwall                 Tmut/Erth      0%         N/A       94%         2
 Swiftness                Air            0%         N/A       99%         3


Dungeon Overview and Level Annotations

Branches:
Dungeon (4/15)
 Temple: D:4-7

Altars:


Innate Abilities, Weirdness & Mutations

You have extremely sharp teeth.
Your natural rate of healing is unusually fast.
When hurt, damage is shared between your health and your magic reserves.
Your bite disrupts and absorbs the magic of your enemies.
Potions cannot restore your health.


Message History

You block the bullfrog's attack.
The gnoll shaman calls upon its god to speed up the gnoll.
The gnoll seems to speed up.
You block the bullfrog's attack. The bullfrog attacks as you move away!
The bullfrog hits you but does no damage.
The bullfrog hits you.
The bullfrog hits you but does no damage.
You block the bullfrog's attack.
Items here: ( ) [ †.
The bullfrog attacks as you move away!
The bullfrog hits you but does no damage.
The bullfrog closely misses you.
There is a stone staircase leading up here.
The bullfrog barely misses you.
The gnoll hits you from afar with a +0 halberd!
You climb upwards.
There is a stone staircase leading down here.
You hit the bullfrog.
The bullfrog is moderately wounded.
The bullfrog hits you!
* * * LOW HITPOINT WARNING * * *
The bullfrog hits you but does no damage.
You hit the bullfrog.
The bullfrog is moderately wounded.
You block the bullfrog's attack.
You barely miss the bullfrog. You bite the bullfrog. You drain its power.
You feel invigorated.
The bullfrog is heavily wounded.
The bullfrog barely misses you. The bullfrog hits you.
* * * LOW HITPOINT WARNING * * *
The bullfrog attacks as you move away! The bullfrog hits you.
* * * LOW HITPOINT WARNING * * *
The bullfrog attacks as you move away! You block the bullfrog's attack.
The bullfrog hits you.
* * * LOW HITPOINT WARNING * * *
The bullfrog attacks as you move away! The bullfrog hits you.
* * * LOW HITPOINT WARNING * * *
The bullfrog hits you!
You die...

#.# #.#.#.## ##..# #.#
#..###.########..#
#.#####.##
##..........# #......##
##.######.##
#.#####.#####..# #.#
#.# ##.##....## #.# #.#
##.#..>..#####.#
#.########............#
#........@F.###.#######
##########.## #.# #.#
#.# #.# #.# #.# #.# #.#
#.#### #.# #....# ###
#.# ####.# ##.#####.#
#.#


You could see a bullfrog.

Vanquished Creatures
  Ijyb (D:3)
  An orc wizard (D:4)
  Robin (D:1)
  3 gnolls (D:4)
  An adder (D:2)
  2 worms
  3 dart slugs (D:1)
  8 orcs
  5 endoplasms
  A giant cockroach (D:3)
  12 goblins
  11 hobgoblins
  9 jackals
  7 kobolds
  A quokka (D:1)
  11 ball pythons
  7 bats
  3 frilled lizards
  6 rats
93 creatures vanquished.

Notes
Turn   | Place    | Note
-------+----------+-------------------------------------------
     0 | D:1      | mistaj the Vine Stalker Fighter began the quest for the
                  | Orb.
     0 | D:1      | Reached XP level 1. HP: 11/11 MP: 2/2
   143 | D:1      | Reached XP level 2. HP: 16/16 MP: 3/3
   541 | D:1      | Reached XP level 3. HP: 20/20 MP: 4/4
  1402 | D:2      | Gained mutation: Your natural rate of healing is unusually
                  | fast. [Vine Stalker growth]
  1402 | D:2      | Reached XP level 4. HP: 21/25 MP: 5/5
  1745 | D:2      | Noticed Robin
  1902 | D:1      | Killed Robin
  2060 | D:2      | Identified the +1 robe of Yxze {Stlth+}
  2484 | D:3      | Noticed Ijyb
  2503 | D:3      | Killed Ijyb
  2504 | D:3      | Reached XP level 5. HP: 25/29 MP: 2/6
  3287 | D:3      | Slain by a bullfrog

Illustrated notes

Levels and vault maps discovered:
D:1:      minmay_arrival_solitary_statue, layout_basic, minmay_misc_feat_cross,
          minmay_pentomino_p4
D:2:      layout_rooms, corexii_hall_statues_s, uniq_robin
D:3:      layout_loops_ring, serial_park_tiny_1, uniq_ijyb
D:4:      layout_loops_corners, minmay_temple_entry_proselytizer,
          uniq_blork_the_orc, uniq_edmund

Skill      XL: |  1  2  3  4 |
---------------+-------------+-----
Fighting       | 3 4 |  4.2
Shields        | 3 4 |  4.3
Short Blades   | 2 |  2.6
Armour         | |  2.4

Action                   |  1- 3 |  4- 6 || total
-------------------------+-------+-------++-------
Melee: Rapier            |   131 |    18 ||   149
       Bite              |    21 |    37 ||    58
       Dagger            |       |   158 ||   158
Armor: Scale mail        |    64 |    53 ||   117
Dodge: Dodged            |    72 |    67 ||   139
Block: Buckler           |    30 |    33 ||    63

Table legend: (Time is in decaauts)
 A = Elapsed time spent in this place.
 B = Non-inter-level travel time spent in this place.
 C = Inter-level travel time spent in this place.
 D = Time resting spent in this place.
 E = Time spent auto-exploring this place.
 F = Levels seen in this place.
 G = Mean time per level.
                   A        B        C        D        E       F      G
               +--------+--------+--------+--------+--------+-----+--------+
         Total |   3300 |   3199 |    101 |    883 |   1397 |   4 |  825.0 |
       Dungeon |   3300 |   3199 |    101 |    883 |   1397 |   4 |  825.0 |
               +--------+--------+--------+--------+--------+-----+--------+

Top non-repeatable levels by time:
     D:1: 1368 daAuts
     D:3: 891 daAuts
     D:2: 884 daAuts
     D:4: 156 daAuts
